 Dungeon Crawl Stone Soup version 0.28-a0-983-g1de4e0787c (webtiles) character file.

Game seed: 13582104957033561568

71 tsouns the Caller (level 4, -3/30 HPs)
             Began as a Demonspawn Summoner on Dec 2, 2021.
             Slain by Grinder (4 damage)
             ... on level 2 of the Dungeon.
             The game lasted 00:04:15 (2599 turns).

tsouns the Caller (Demonspawn Summoner)             Turns: 2599, Time: 00:04:16

Health: -3/30      AC:  5    Str:  7 (9)  XL:     4   Next: 5%
Magic:  1/8        EV: 11    Int: 17 (18) God:
Gold:   84         SH:  3    Dex: 12 (13) Spells: 5/9 levels left

rFire   . . .      SeeInvis .   e - +0 short sword
rCold   . . .      Faith    .   o - +0 buckler
rNeg    . . .      Spirit   .   a - +0 robe
rPois   .          Reflect  .   (no helmet)
rElec   .          Harm     .   (no cloak)
rCorr   .          Rampage  .   k - +0 pair of gloves
Will    .....                   (no boots)
Stlth   ++........              (no amulet)
HPRegen 0.10/turn               (no ring)
MPRegen 0.11/turn               (no ring)

@: very slightly contaminated
A: molten scales 1, foul stench 1
a: no special abilities


You were on level 2 of the Dungeon.
You visited 1 branch of the dungeon, and saw 3 of its levels.

You collected 98 gold pieces.
You spent 14 gold pieces at shops.

Inventory:

Hand Weapons
 b - a +0 dagger
 e - a +0 short sword (weapon)
Missiles
 n - 5 curare-tipped darts
Armour
 a - a +0 robe (worn)
 k - a +0 pair of gloves (worn)
 o - a +0 buckler (worn)
Scrolls
 c - a scroll of fog {unknown}
 d - 2 scrolls of teleportation {unknown}
 f - a scroll of vulnerability {unknown}
 i - a scroll of enchant weapon {unknown}
 j - a scroll of brand weapon {unknown}
 m - a scroll of identify {unknown}
Potions
 g - a potion of degeneration
 h - a potion of might {unknown}
 l - a potion of lignification {unknown}


   Skills:
 - Level 1.7 Dodging
 - Level 1.7 Stealth
 + Level 3.2 Spellcasting
 + Level 4.8 Summonings


You had 5 spell levels left.
You knew the following spells:

 Your Spells              Type           Power      Damage    Failure   Level
a - Summon Small Mammal   Summ           76%        N/A       3%          1
b - Call Imp              Summ           19%        N/A       6%          2
c - Magic Dart            Conj           8%         1d3       28%         1

Your spell library contained the following spells:

 Spells                   Type           Power      Damage    Failure   Level
 Call Canine Familiar     Summ           19%        N/A       12%         3
 Summon Guardian Golem    Hex/Summ       11%        N/A       32%         3
 Passwall                 Tmut/Erth      1%         N/A       41%         2
 Mephitic Cloud           Conj/Pois/Air  2%         N/A       65%         3
 Swiftness                Air            2%         N/A       65%         3
 Summon Lightning Spire   Summ/Air       11%        N/A       71%         4


Dungeon Overview and Level Annotations

Branches:
Dungeon (3/15)

Altars:

Shops:
D:1 ?

Annotations:
D:2 Grinder


Innate Abilities, Weirdness & Mutations

You are partially covered in molten scales. (AC +2)
You may rarely emit foul miasma when damaged in melee.


Message History

Aim: Grinder (moderately wounded, ally target, 100% to hit)
The magic dart hits Grinder but does no damage.
Grinder is moderately wounded.
Your quokka bites Grinder but does no damage.
Your quokka bites Grinder.
Grinder gestures at you. Pain shoots through your body!
Your iron imp closely misses Grinder.
Your quokka barely misses Grinder.
Your quokka bites Grinder.
Casting: Magic Dart (safe; 26% risk of failure)
Confirm with . or Enter, or press ? or * to list all spells.
Aiming: Magic Dart (safe; 26% risk of failure)
Press: ? - help, Shift-Dir - straight line, f/p - Grinder
Aim: Grinder (heavily wounded, ally target, 100% to hit)
The magic dart hits Grinder but does no damage.
Grinder is heavily wounded.
Grinder completely misses you.
Your quokka bites Grinder.
Your quokka closely misses Grinder.
Casting: Magic Dart (safe; 26% risk of failure)
Confirm with . or Enter, or press ? or * to list all spells.
Aiming: Magic Dart (safe; 26% risk of failure)
Press: ? - help, Shift-Dir - straight line, f/p - Grinder
Aim: Grinder (severely wounded, ally target, 100% to hit)
You miscast Magic Dart.
Nothing appears to happen.
Your iron imp hits Grinder.
Your quokka barely misses Grinder.
Your quokka closely misses Grinder.
Grinder hits you.
* * * LOW HITPOINT WARNING * * *
You barely miss Grinder.
Grinder is severely wounded.
Your quokka bites Grinder.
Your quokka closely misses Grinder.
Your iron imp barely misses Grinder.
Grinder hits you.
* * * LOW HITPOINT WARNING * * *
You writhe in agony.
* * * LOW HITPOINT WARNING * * *
You emit a cloud of foul miasma!
It was a potion of degeneration.
There was something very wrong with that liquid.
You feel weakened.
You feel dopey.
You feel clumsy.
Your quokka barely misses Grinder.
Your quokka closely misses Grinder.
Grinder hits you.
You die...

##### ############ ....#
#..........#
###.###########.5rr......#
..............'>.5.......#
....######.####.@........#
##### #.# #..........# ....#
#.# ##..........# ..#.#
####.###....########
#.#.###..........######
.....##.....รท.........#
.#...##........######.#
.#...##..........# #.########
.#<..##........#.####.#......#


You could see Grinder (ally target), a friendly iron imp (summoned) and 2
friendly quokkas.

Vanquished Creatures
  An adder (D:2)
  A dart slug (D:2)
  2 bats (D:1)
  An endoplasm (D:1)
  2 giant cockroaches
  3 goblins
  2 hobgoblins
  2 kobolds
  A quokka (D:2)
  3 ball pythons
  4 frilled lizards
22 creatures vanquished.

Vanquished Creatures (collateral kills)
  A worm (D:2)
  3 dart slugs
  2 bats
  5 endoplasms
  A giant cockroach (D:1)
  A goblin (D:2)
  2 hobgoblins (D:1)
  2 quokkas (D:2)
  2 ball pythons
  2 frilled lizards (D:1)
  3 rats (D:1)
24 creatures vanquished.

Grand Total: 46 creatures vanquished

Notes
Turn   | Place    | Note
-------+----------+-------------------------------------------
     0 | D:1      | tsouns the Demonspawn Summoner began the quest for the Orb.
     0 | D:1      | Reached XP level 1. HP: 13/13 MP: 3/3
   347 | D:1      | Gained mutation: You may rarely emit foul miasma when
                  | damaged in melee. [demonic ancestry]
   347 | D:1      | Reached XP level 2. HP: 15/19 MP: 1/5
   406 | D:1      | Found Rydam's Magic Scroll Shop.
   452 | D:1      | Bought a scroll of noise for 14 gold pieces
   527 | D:1      | Learned a level 2 spell: Call Imp
   529 | D:1      | Learned a level 1 spell: Magic Dart
  1044 | D:1      | Gained mutation: You are partially covered in molten
                  | scales. (AC +2) [demonic ancestry]
  1044 | D:1      | Reached XP level 3. HP: 23/24 MP: 1/7
  2198 | D:2      | Reached XP level 4. HP: 26/30 MP: 0/8
  2585 | D:3      | Noticed Grinder
  2598 | D:2      | HP: 1/30 [Grinder (2)]
  2599 | D:2      | Slain by Grinder

Illustrated notes

Levels and vault maps discovered:
D:1:      lemuel_arrival_cross, layout_rooms, serial_shops, shop, st_stairs_13
D:2:      layout_basic
D:3:      layout_rooms, cheibrodos_sewer_entry_drain, gammafunk_ghost_mausoleum,
          uniq_grinder

Skill      XL: |  1  2  3 |
---------------+----------+-----
Spellcasting   | 3 |  3.2
Dodging        | |  1.7
Stealth        | |  1.7
Summonings     | |  4.8

Action                   |  1- 3 |  4- 6 || total
-------------------------+-------+-------++-------
Melee: Dagger            |    22 |       ||    22
       Unarmed           |     6 |       ||     6
       Short sword       |    51 |     5 ||    56
 Cast: Summon Small Mamm |    31 |     2 ||    33
       Magic Dart        |    35 |     2 ||    37
       Call Imp          |    12 |     1 ||    13
  Use: Potion            |       |     1 ||     1
 Stab: Distracted        |     1 |       ||     1
       Sleeping          |     2 |     2 ||     4
Armor: Robe              |    20 |       ||    20
Dodge: Dodged            |    66 |     3 ||    69

Table legend: (Time is in decaauts)
 A = Elapsed time spent in this place.
 B = Non-inter-level travel time spent in this place.
 C = Inter-level travel time spent in this place.
 D = Time resting spent in this place.
 E = Time spent auto-exploring this place.
 F = Levels seen in this place.
 G = Mean time per level.
                   A        B        C        D        E       F      G
               +--------+--------+--------+--------+--------+-----+--------+
         Total |   2604 |   2521 |     83 |      0 |   2099 |   3 |  868.0 |
       Dungeon |   2604 |   2521 |     83 |      0 |   2099 |   3 |  868.0 |
               +--------+--------+--------+--------+--------+-----+--------+

Top non-repeatable levels by time:
     D:1: 1304 daAuts
     D:2: 1297 daAuts
     D:3: 2 daAuts
